AoeStats
← Axolot

QS Arena

503285970Analyzed
4v4 RM · 1mo ago on Aug 31, 2026· 31m 3s· 8 players
Game mode
Random Map
Map size
Large (8 player)
Population
200
Speed
Normal
Resources
Standard
Victory
Conquest
Starting age
Dark Age
Ending age
Imperial Age
RankedLock teamsTeams togetherTeam positionsShared explorationLock speedFull tech treeHidden civsTurbo modeCheats
Victory
Defeat
🇧🇷 Cumans · Brazil
1469
+14
1461
+14
🇵🇪 Britons · Peru
1447
+15
🇨🇱 Cumans · Chile
1437
+15
🇦🇷 Romans · Argentina
1465
-17
🇦🇷 Japanese · Argentina
1448
-16
🇦🇷 Jurchens · Argentina
1400
-14
🇨🇱 Spanish · Chile
1360
-12
[VA] Tano_Pacman
6:21 Feudal Age
5:55 Loom
9:01 Fletching
14:44 Double-Bit Axe
15:03 Horse Collar
17:05 Wheelbarrow
20:08 Castle Age
21:21 Bow Saw
22:36 Town Watch
25:47 Gold Mining
29:13 Heavy Plow
30:15 Stone Mining
Axolot
6:19 Feudal Age
5:13 Loom
13:57 Castle Age
12:38 Double-Bit Axe
12:43 Horse Collar
15:08 Bow Saw
16:32 Heavy Plow
25:04 Wheelbarrow
30:42 Imperial Age
28:42 Squires
28:40 Gold Mining
28:42 Stone Mining
30:05 Gold Shaft Mining
30:19 Hand Cart
30:06 Fletching
30:19 Padded Archer Armor
30:47 Elite Samurai
JotaPex
8:30 Feudal Age
13:46 Castle Age
12:55 Horse Collar
13:15 Double-Bit Axe
13:47 Stone Mining
23:54 Padded Archer Armor
25:49 Leather Archer Armor
31:18 Imperial Age
29:49 Fletching
30:24 Elite Skirmisher
30:52 Loom
[VA] PabloB
8:32 Feudal Age
12:25 Castle Age
10:39 Double-Bit Axe
11:41 Horse Collar
13:04 Scale Mail Armor
13:27 Bow Saw
13:46 Loom
19:15 Arson
20:04 Forging
22:06 Wheelbarrow
22:55 Chain Mail Armor
24:06 Pikeman
25:20 Fletching
PoopMaster
8:15 Feudal Age
6:30 Loom
18:04 Double-Bit Axe
19:57 Fletching
25:16 Horse Collar
29:30 Wheelbarrow
33:08 Castle Age
Meliod27
8:58 Feudal Age
7:15 Loom
9:01 Feudal Age
12:45 Castle Age
10:35 Double-Bit Axe
11:23 Horse Collar
13:39 Bow Saw
15:13 Wheelbarrow
15:07 Loom
19:36 Hand Cart
25:37 Imperial Age
23:38 Heavy Plow
23:31 Gold Mining
23:32 Stone Mining
23:48 Fletching
25:03 Bodkin Arrow
24:53 Treadmill Crane
25:23 Masonry
25:03 Town Watch
25:56 Gold Shaft Mining
27:31 Chemistry
27:13 Pikeman
27:53 Squires
28:32 Conscription
29:01 Ballistics
29:15 Bracer
29:16 Padded Archer Armor
30:45 Siege Engineers
too old for this new shit
9:24 Feudal Age
10:03 Double-Bit Axe
12:59 Castle Age
11:06 Horse Collar
13:58 Bow Saw
13:52 Heavy Plow
20:26 Wheelbarrow
20:18 Stone Mining
21:14 Loom
21:23 Gold Mining
26:05 Imperial Age
23:37 Padded Archer Armor
24:47 Gold Shaft Mining
25:21 Leather Archer Armor
25:28 Ballistics
25:45 Masonry
25:28 Fletching
26:16 Hand Cart
27:13 Coinage
28:00 Two-Man Saw
27:04 Shatagni
27:25 Conscription
27:58 Ring Archer Armor
28:45 Chemistry
29:39 Town Watch
29:51 Bodkin Arrow
31:05 Caravan
31:38 Banking
Thanos 2022
6:32 Feudal Age
7:09 Double-Bit Axe
7:35 Horse Collar
11:49 Loom
16:10 Wheelbarrow
18:05 Castle Age
16:06 Gold Mining
17:05 Forging
17:14 Scale Barding Armor
17:55 Bloodlines
19:27 Iron Casting
19:03 Heavy Plow
21:31 Loom
23:19 Chain Barding Armor
31:16 Imperial Age
Connection lost

Rejoining the realm…

Still unreachable

The connection could not be restored.

Session expired

The server has moved on; the page needs a fresh start.